 Dungeon Crawl Stone Soup version 0.25-a0-857-g60a0bcd8b5 (webtiles) character file.

Game seed: 9891508867729330235, levelgen mode: deterministic

553 Error4North the Chopper (level 7, -1/91 HPs)
             Began as a Hill Orc Fighter on Apr 26, 2020.
             Slain by Duvessa
             ... wielding a +2 rapier of electrocution
              (8 damage)
             ... on level 4 of the Dungeon.
             The game lasted 00:09:57 (3295 turns).

Error4North the Chopper (Hill Orc Fighter)          Turns: 3295, Time: 00:09:58

Health: -1/91      AC: 23    Str: 21    XL:     7   Next: 29%
Magic:  7/7        EV:  2    Int:  8    God:
Gold:   111        SH:  9    Dex: 10    Spells: 6/6 levels left

rFire    . . .     SeeInvis .   a - +0 war axe
rCold    . . .     Gourm    .   c - +0 kite shield
rNeg     + + +     Faith    .   (armour currently unavailable)
rPois    +         Spirit   .   (helmet currently unavailable)
rElec    .         Reflect  .   (cloak currently unavailable)
rCorr    .         Harm     .   (gloves currently unavailable)
MR       .....     NoTele   +   (boots currently unavailable)
Stlth    +.........             (no amulet)
HPRegen  0.25/turn              q - ring of positive energy
MPRegen  0.10/turn              (no ring)

@: tree-form
A: no striking features
a: no special abilities


You were on level 4 of the Dungeon.
You were not hungry.
You were a tree.
You visited 1 branch of the dungeon, and saw 4 of its levels.

You collected 111 gold pieces.

Inventory:

Hand Weapons
 a - a +0 war axe (weapon)
Armour
 c - a +0 kite shield (worn)
 k - a +0 helmet (melded)
 o - a +0 cloak (melded)
 u - a +0 chain mail (melded)
Jewellery
 q - a ring of positive energy (left branch)
Wands
 d - a wand of random effects (11)
Scrolls
 e - a scroll of immolation {unknown}
 g - 5 scrolls of identify
 i - a scroll of blinking {unknown}
 j - 2 scrolls of amnesia {unknown}
 l - 3 scrolls of remove curse {unknown}
 n - a scroll of random uselessness {unknown}
 p - a scroll of teleportation {unknown}
 s - a scroll of enchant armour {unknown}
 t - a scroll of enchant weapon {unknown}
Potions
 h - 2 potions of stabbing
 r - a potion of lignification
 v - a potion of haste
Comestibles
 b - 4 chunks of flesh
 f - 4 rations


   Skills:
 * Level 5.4 Fighting
 + Level 5.8 Axes
 * Level 5.3 Armour
 + Level 1.3 Dodging
 + Level 0.1 Stealth
 * Level 4.7 Shields


You had 6 spell levels left.
You didn't know any spells.
Your spell library was empty.

Dungeon Overview and Level Annotations

Branches:
Dungeon (4/15)
 Temple: D:4-7

Altars:
Ashenzari
Makhleb
Nemelex Xobeh

Annotations:
D:4 Duvessa


Message History

Duvessa is heavily wounded.
Duvessa hits you but does no damage. You block Duvessa's attack.
You closely miss Duvessa.
Duvessa is heavily wounded.
You block Duvessa's attack. x2
You barely miss Duvessa.
Duvessa is heavily wounded.
Duvessa hits you but does no damage.
You are electrocuted!
* * * LOW HITPOINT WARNING * * *
You hit Duvessa.
Duvessa is heavily wounded.
Duvessa hits you with a +2 rapier of electrocution.
* * * LOW HITPOINT WARNING * * *
Duvessa hits you with a +2 rapier of electrocution!
* * * LOW HITPOINT WARNING * * *
You hit Duvessa.
Duvessa is heavily wounded.
Duvessa hits you but does no damage.
Duvessa hits you with a +2 rapier of electrocution!
You die...

.......#
#.# #.#
#.)#####
#.#
##.##
##.# #.
#...#
#..
#...#
###
#...#
#...#
#..##
#.## #♣#
#)e#
#..##
#.# #.
!. ##


You could see Duvessa (berserk).

Vanquished Creatures
  Sigmund (D:2)
  An ogre (D:3)
  Dowan (D:4)
  A scorpion (D:3)
  An orc wizard (D:3)
  An orc priest (D:3)
  Crazy Yiuf (D:3)
  Terence (D:3)
  Robin (D:2)
  10 adders
  An ooze (D:1)
  A dart slug (D:2)
  5 leopard geckos
  4 orcs (D:3)
  5 giant cockroaches
  11 goblins
  10 hobgoblins (D:2)
  4 jackals (D:3)
  5 kobolds
  2 quokkas
  9 bats
  3 frilled lizards
  11 rats
90 creatures vanquished.

Notes
Turn   | Place    | Note
-------+----------+-------------------------------------------
     0 | D:1      | Error4North the Hill Orc Fighter began the quest for the
                  | Orb.
     0 | D:1      | Reached XP level 1. HP: 19/19 MP: 1/1
   219 | D:1      | Reached XP level 2. HP: 26/27 MP: 2/2
   714 | D:1      | Reached XP level 3. HP: 32/33 MP: 3/3
   850 | D:2      | Noticed Sigmund
   945 | D:2      | Noticed Robin
   952 | D:2      | Killed Robin
  1019 | D:2      | Reached XP level 4. HP: 30/40 MP: 4/4
  1032 | D:2      | Killed Sigmund
  1032 | D:2      | Reached XP level 5. HP: 14/47 MP: 5/5
  1347 | D:2      | Found a shattered altar of Ashenzari.
  1372 | D:2      | Found a burning altar of Makhleb.
  2042 | D:3      | Noticed an ogre
  2049 | D:3      | Killed an ogre
  2049 | D:3      | Reached skill level 5 in Axes
  2049 | D:3      | Reached XP level 6. HP: 35/55 MP: 6/6
  2116 | D:3      | Found a runed translucent door.
  2117 | D:3      | Noticed Crazy Yiuf
  2123 | D:3      | Killed Crazy Yiuf
  2123 | D:3      | Reached skill level 5 in Armour
  2264 | D:3      | Noticed Terence
  2282 | D:3      | Killed Terence
  2282 | D:3      | Reached skill level 1 in Dodging
  2395 | D:3      | Reached skill level 5 in Fighting
  2727 | D:3      | Reached XP level 7. HP: 57/61 MP: 7/7
  2847 | D:3      | Found a sparkling altar of Nemelex Xobeh.
  3268 | D:4      | Noticed Dowan
  3271 | D:4      | Noticed Duvessa
  3289 | D:4      | Killed Dowan
  3295 | D:4      | Slain by Duvessa

Levels and vault maps discovered:
D:1:      noname_arrival_rooms_in_the_neighbourhood, layout_basic
D:2:      minmay_recursive_quarters, layout_rooms,
          nicolae_overflow_crystal_walls, nicolae_ashenzari_panopticon,
          uniq_sigmund, uniq_robin
D:3:      layout_basic, serial_forest, infiniplex_forest_3_way,
          infiniplex_forest_side_room, infiniplex_forest_clump_tiny,
          infiniplex_forest_corner_1, infiniplex_forest_straight_4,
          infiniplex_forest_lined_room_, first_ration,
          nemelex_spade_bored_becter, uniq_terence, uniq_crazy_yiuf_cottage
D:4:      layout_rooms, serial_shops, shop, uniq_menkaure, uniq_duvessa

Skill      XL: |  1  2  3  4  5  6 |
---------------+-------------------+-----
Armour         | 4 5 |  5.3
Fighting       | 4 5 |  5.4
Axes           | 3 4 5 |  5.8
Shields        | 4 |  4.7
Dodging        | 1 |  1.3
Stealth        | |  0.1

Action                   |  1- 3 |  4- 6 |  7- 9 || total
-------------------------+-------+-------+-------++-------
Melee: War axe           |    93 |   134 |    55 ||   282
  Use: Potion            |       |     5 |     2 ||     7
       Scroll            |       |     1 |       ||     1
  Eat: Chunk             |       |     5 |     3 ||     8
Armor: Scale mail        |    50 |    61 |    13 ||   124
       Skin              |       |       |    23 ||    23
       Chain mail        |       |       |    14 ||    14
Dodge: Dodged            |    39 |    41 |    14 ||    94
Block: Kite shield       |    41 |    62 |    40 ||   143

Table legend:
 A = Non-vault XP
 B = Vault XP
 C = Vault XP percentage of total XP
 D = Non-vault monster count
 E = Vault monster count
 F = Vault count percentage of total count
                 A         B        C        D         E       F
            +---------+---------+-------+---------+---------+-------
      Total |     464 |     326 |  41.3 |      65 |      25 |  27.8
            +---------+---------+-------+---------+---------+-------
        D:1 |      36 |       0 |   0.0 |      21 |       0 |   0.0
        D:2 |      82 |     181 |  68.8 |      19 |      22 |  53.7
        D:3 |     328 |      73 |  18.2 |      22 |       2 |   8.3
        D:4 |      18 |      72 |  80.0 |       3 |       1 |  25.0
            +---------+---------+-------+---------+---------+-------
